 Dungeon Crawl Stone Soup version 0.19-a0-1498-g0b85ae9 (webtiles) character file.

85001 sveltemanboy the Fencer (level 15, -24/126 HPs)
             Began as a Demonspawn Gladiator on Sept 10, 2016.
             Was the Champion of Okawaru.
             Blown up by an orb spider (46 damage)
             ... with an orb of destruction
             ... on level 1 of the Spider Nest.
             The game lasted 01:32:53 (27136 turns).

sveltemanboy the Fencer (Demonspawn Gladiator)     Turns: 27136, Time: 01:32:53

Health: -24/126    AC: 42    Str: 21    XL:     15   Next: 36%
Magic:  22/22      EV: 14    Int:  9    God:    Okawaru [******]
Gold:   2092       SH:  0    Dex: 15    Spells: 0 memorised, 14 levels left

rFire  . . .     SeeInvis +     a - +5 triple sword (protect)
rCold  . . .     Gourm    .     J - +2 plate armour {rPois}
rNeg   . . .     Faith    +     (shield currently unavailable)
rPois  +         Spirit   .     (helmet unavailable)
rElec  .         Dismiss  .     w - +2 cloak
rCorr  .         Reflect  .     y - +2 pair of gloves
MR     ++...     Harm     .     K - +1 pair of boots {Stlth+}
Stlth  ..........               A - amulet of faith
                                N - ring of protection from magic
                                x - ring of see invisible

@: heroism, sanguine armour
A: hooves 1, horns 3, blink, demonic guardian 1, powered by pain 3, robust 2,
screaming 2, wild magic 1, no device heal 1, sanguine armour 2
a: Blink, Heroism, Finesse, Renounce Religion


You were on level 1 of the Spider Nest.
You worshipped Okawaru.
Okawaru was exalted by your worship.
You were not hungry.

You visited 5 branches of the dungeon, and saw 22 of its levels.
You visited the Abyss 2 times.
You also visited: Ice Cave.

You collected 2485 gold pieces.
You spent 393 gold pieces at shops.

Inventory:

Hand Weapons
 a - a +5 triple sword of protection (weapon)
 b - a +3 scimitar of flaming
 c - a +6 blowgun
 Q - a +2 great sword of electrocution
Missiles
 i - 39 tomahawks (quivered)
 m - 3 javelins of penetration
 o - 2 steel tomahawks
 s - 4 poisoned tomahawks
 D - 8 curare-tipped needles
 M - 3 throwing nets
 R - 6 javelins
Armour
 w - a +2 cloak (worn)
 y - a +2 pair of gloves (worn)
 J - a +2 plate armour of poison resistance (worn)
 K - a +1 pair of boots of stealth (worn)
Jewellery
 h - an uncursed ring of flight
 j - an uncursed ring of ice
 u - an uncursed ring of positive energy
 x - a ring of see invisible (left hand)
 A - an amulet of faith (around neck)
 E - an uncursed ring of resist corrosion
 N - a ring of protection from magic (right hand)
Wands
 d - a wand of acid (12/15)
 v - a wand of confusion (2/48)
 z - a wand of lightning (5/15)
 F - a wand of paralysis (6/24)
 I - a wand of polymorph (14/24)
 L - a wand of iceblast (6/15)
Scrolls
 e - 4 scrolls of fog
 g - 5 scrolls of remove curse
 k - 6 scrolls of magic mapping
 l - a scroll of blinking {unknown}
 p - 11 scrolls of identify
 t - 4 scrolls of enchant armour
 B - a scroll of fear
 C - 8 scrolls of teleportation
Potions
 G - 2 potions of curing
 H - 4 potions of brilliance
 O - a potion of flight
Miscellaneous
 n - a fan of gales
 r - a sack of spiders
Comestibles
 f - 12 bread rations
 q - 8 fruits
 P - 2 meat rations


   Skills:
 - Level 6.0(11.0) Fighting
 * Level 18.4(23.4) Long Blades
 - Level 3.1(8.1) Throwing
 - Level 9.3(14.3) Armour
 - Level 8.0(13.0) Dodging
 - Level 7.2 Invocations
 + Level 9.5 Evocations


You had 14 spell levels left.
You didn't know any spells.

Dungeon Overview and Level Annotations

Branches:
Dungeon (12/15)            Temple (1/1) D:5            Lair (6/6) D:10
 Shoals (0/4) Lair:3       Spider (1/4) Lair:4        Slime (0/5) Lair:6
    Orc (2/2) D:11            Elf (0/3) Orc:2

Altars:
Ashenzari
Cheibriados
Dithmenos
Elyvilon
Fedhas
Gozag
Hepliaklqana
Kikubaaqudgha
Makhleb
Nemelex Xobeh
Okawaru
Qazlal
Ru
Sif Muna
Trog
Uskayaw
Vehumet
Xom
Yredelemnul
Zin
The Shining One
Beogh
Jiyva

Shops:
D:8 *   D:11 (   Orc:2 !}(([

Annotations:
Lair:2 Sonja


Innate Abilities, Weirdness & Mutations

You have a pair of large horns on your head.
A weak demonic guardian rushes to your aid.
You are powered by pain.
When seriously injured, your bleeding wounds create thick armour. (AC +9)
You have large cloven feet.
You can translocate small distances at will.
You are very robust. (+20% HP)
You sometimes yell uncontrollably at your foes.
Your spells are a little harder to cast, but a little more powerful.
Potions and wands are less effective at restoring your health.


Message History

You slice the redback!!
You kill the redback!
Okawaru accepts your kill.
Evoke which item? (* to show all) (? for menu, Esc to quit)
Zapping:
v - a wand of confusion (4/48)
Press: ? - help, Shift-Dir - straight line, f/p - orb spider
Aim: an orb spider (fully charged, chance to defeat MR: 49%)
The orb spider resists with some effort.
This wand has 3 charges left.
The orb spider pulsates with a strange energy.
The orb spider weaves a glowing orb of energy.
The jumping spider leaps!
An orb of destruction comes into view.
Evoke which item? (* to show all) (? for menu, Esc to quit)
Zapping:
v - a wand of confusion (3/48)
Press: ? - help, Shift-Dir - straight line, f/p - orb spider
Aim: an orb spider (chance to defeat MR: 49%)
The orb spider resists with some effort.
This wand has 2 charges left.
The orb of destruction hits you!
You die...

...# ...# ##### ##
.### ##...##.##
..####.....#..#
.###.##......#
............##
.).......#.s#####
..>....###...##.##
#.....##.#....ยงยง@#
###..##......ss###
#####..[.....#
........###
.........#
....###### .... .#


You could see 2 orb spiders.

Vanquished Creatures
  Rupert (Lair:6)
  A frost giant (IceCv)
  An orc warlord (Orc:2)
  A ghost moth (Spider:1)
  The ghost of Rationalist the Cleaver, a journeyman MiGl of Trog (D:11)
  Josephine (D:10)
  Fannar (D:12)
  3 hydras
  Erica (D:10)
  7 death yaks
  5 orc high priests (Orc:2)
  Urug (Orc:1)
  3 unseen horrors
  3 orc knights (Orc:2)
  Pikel (D:8)
  4 orc sorcerers (Orc:2)
  A deep elf mage (D:12)
  3 orb spiders (Spider:1)
  An ugly thing (D:12)
  2 cyclopes (D:11)
  4 wolf spiders (Spider:1)
  5 elephants (Lair:4)
  Maurice (D:8)
  4 black mambas
  An ice statue (IceCv)
  12 spiny frogs
  7 komodo dragons
  19 polar bears
  3 jumping spiders (Spider:1)
  2 trolls
  A queen bee (D:9)
  2 two-headed ogres
  A boulder beetle (Lair:4)
  A small abomination (Abyss:1)
  11 blink frogs
  8 redbacks
  12 spriggans (Lair:6)
  A tarantella (Spider:1)
  A wraith (D:10)
  78 yaks
  2 wyverns
  7 hippogriffs
  A hungry ghost (D:6)
  2 basilisks
  5 wargs
  A steam dragon (D:9)
  The ghost of sveltemanboy the Slasher, an amateur DsGl of Ashenzari (D:4)
  4 water moccasins
  Duvessa (D:7)
  9 porcupines
  50 orc warriors
  2 phantoms
  11 ice beasts
  4 sky beasts
  9 black bears
  4 wasps
  3 boggarts (Lair:6)
  3 necrophages (D:11)
  41 wolves
  9 ogres
  17 centaurs
  A big kobold (D:9)
  16 crocodiles
  A gnoll sergeant (D:6)
  An elf zombie (D:11)
  17 giant frogs
  Dowan (D:7)
  5 scorpions
  16 killer bees
  11 wights
  9 crimson imps
  A howler monkey (D:5)
  2 centaur zombies
  A quasit (D:9)
  2 hounds (D:8)
  4 human zombies (D:11)
  A giant frog zombie (D:6)
  A gnoll shaman (D:9)
  37 orc priests
  18 orc wizards
  A centaur skeleton (D:10)
  11 iguanas
  5 worker ants
  A hound skeleton (D:8)
  2 mummies (D:11)
  A worker ant zombie (D:8)
  A howler monkey skeleton (D:11)
  15 gnolls
  12 adders
  77 river rats
  A shadow imp (D:10)
  2 oozes
  2 adder skeletons
  3 worms
  A dart slug (D:1)
  2 giant geckos
  98 orcs
  5 bats
  4 giant cockroaches
  5 goblins
  8 hobgoblins
  16 jackals
  4 quokkas
  A giant gecko skeleton (D:6)
  6 giant newts
  8 kobolds
  A quokka skeleton (D:4)
  2 quokka zombies
  9 rats
  A plant (D:10)
852 creatures vanquished.

Vanquished Creatures (collateral kills)
  Nergalle (D:11)
  A hill giant (D:12)
  A gargoyle (D:11)
  A blink frog (Lair:5)
  2 wraiths (D:10)
  2 yaks
  Grum (D:9)
  A basilisk (Lair:1)
  A water moccasin (D:5)
  An ice beast (D:6)
  2 slaves (D:8)
  2 wolves (Lair:6)
  An ogre (D:5)
  A centaur (D:9)
  A crocodile (Lair:1)
  A killer bee (D:9)
  A crimson imp (D:7)
  An orc priest (Orc:2)
  A river rat (Lair:5)
  4 orcs
  3 jackals (D:5)
30 creatures vanquished.

Vanquished Creatures (others)
  A slave (D:8)
  A necrophage (D:8)
  An adder (D:8)
  An orc (D:12)
  6 fungi
  A plant (Lair:6)
11 creatures vanquished.

Grand Total: 893 creatures vanquished

Notes
Turn   | Place    | Note
-------+----------+-------------------------------------------
     0 | D:1      | sveltemanboy the Demonspawn Gladiator began the quest for the Orb.
     0 | D:1      | Reached XP level 1. HP: 16/16 MP: 1/1
    98 | D:1      | Reached skill level 3 in Long Blades
   408 | D:1      | Gained mutation: You sometimes gain a little power by taking damage. [demonic ancestry]
   408 | D:1      | Reached XP level 2. HP: 15/22 MP: 2/2
  1275 | D:2      | Gained mutation: When seriously injured, your bleeding wounds create armour. (AC +9) [demonic ancestry]
  1275 | D:2      | Reached XP level 3. HP: 25/27 MP: 3/3
  1811 | D:2      | Reached skill level 1 in Armour
  2399 | D:3      | Reached XP level 4. HP: 22/33 MP: 4/4
  2673 | D:3      | Reached skill level 4 in Long Blades
  3197 | D:4      | Noticed an ogre
  3204 | D:4      | Killed an ogre
  3204 | D:4      | Gained mutation: A weak demonic guardian rushes to your aid. [demonic ancestry]
  3204 | D:4      | Reached XP level 5. HP: 38/38 MP: 5/5
  3224 | D:4      | Reached skill level 5 in Long Blades
  3279 | D:4      | Noticed sveltemanboy's ghost (amateur DsGl)
  3785 | D:4      | Killed sveltemanboy's ghost
  3785 | D:4      | Gained mutation: You sometimes gain power by taking damage. [demonic ancestry]
  3785 | D:4      | Reached XP level 6. HP: 31/44 MP: 6/6
  4380 | D:5      | Entered Level 5 of the Dungeon
  4454 | D:5      | Found a staircase to the Ecumenical Temple.
  4465 | D:5      | Reached skill level 6 in Long Blades
  4562 | Temple   | Entered the Ecumenical Temple
  4665 | Temple   | Became a worshipper of Warmaster Okawaru
  4756 | D:5      | Reached skill level 1 in Invocations
  4756 | D:5      | Gained mutation: You have a pair of small horns on your head. [demonic ancestry]
  4756 | D:5      | Reached XP level 7. HP: 46/50 MP: 7/7
  5047 | D:5      | Reached * piety under Okawaru
  5047 | D:5      | Reached skill level 7 in Long Blades
  5553 | D:6      | Noticed a hungry ghost
  5614 | D:6      | Gained mutation: You are powered by pain. [demonic ancestry]
  5614 | D:6      | Reached XP level 8. HP: 41/56 MP: 10/10
  5626 | D:6      | Gained mutation: You tend to lose your temper in combat. [potion of mutation]
  5626 | D:6      | Gained mutation: You can translocate small distances at will. [potion of mutation]
  5626 | D:6      | Gained mutation: You have a pair of horns on your head. [potion of mutation]
  5627 | D:6      | Gained mutation: You are clumsy. (Dex -2) [potion of mutation]
  5627 | D:6      | Gained mutation: You have large cloven feet. [potion of mutation]
  5627 | D:6      | Gained mutation: Your body sometimes deteriorates upon taking damage. [potion of mutation]
  5653 | D:6      | Reached ** piety under Okawaru
  5653 | D:6      | Reached skill level 8 in Long Blades
  5862 | D:6      | Reached skill level 5 in Invocations
  5870 | D:6      | Gained mutation: You are dopey. (Int -2) [mutagenic meat]
  5873 | D:6      | Lost mutation: You are clumsy. (Dex -2) [mutagenic meat]
  5882 | D:6      | Lost mutation: Your body sometimes deteriorates upon taking damage. [mutagenic meat]
  5885 | D:6      | Gained mutation: You expend magic power (3 MP) to strengthen your wands. [mutagenic meat]
  6078 | D:6      | Got a crude trident
  6079 | D:6      | Identified the cursed +1 trident of the Shining Light {flame, *Rage Int+6 Dex+8} (You found it on level 6 of the Dungeon)
  6407 | D:6      | Reached skill level 9 in Long Blades
  6685 | D:7      | Noticed Dowan
  6686 | D:7      | Noticed Duvessa
  6698 | D:7      | Killed Duvessa
  6701 | D:7      | Killed Dowan
  6750 | D:7      | Reached XP level 9. HP: 60/61 MP: 13/13
  6762 | D:7      | Lost mutation: You tend to lose your temper in combat. [potion of mutation]
  6762 | D:7      | Gained mutation: Your spells are a little harder to cast, but a little more powerful. [potion of mutation]
  6788 | D:7      | Found a burning altar of Makhleb.
  6840 | D:7      | Reached *** piety under Okawaru
  7191 | D:8      | Noticed Maurice
  7210 | D:8      | Killed Maurice
  7210 | D:8      | Reached skill level 10 in Long Blades
  7631 | D:8      | Noticed Pikel
  7672 | D:8      | Killed Pikel
  7691 | D:8      | Found Gidoutte's Assorted Antiques.
  7713 | D:8      | Bought a scroll labeled TUMOAPT AT SEI for 28 gold pieces
  7713 | D:8      | Bought a scroll labeled ATUXTOL BABING for 28 gold pieces
  7727 | D:8      | Gained mutation: You possess an exceptional clarity of mind. [potion of beneficial mutation]
  7951 | D:8      | Noticed a troll
  7967 | D:8      | Killed a troll
  7967 | D:8      | Reached **** piety under Okawaru
  8080 | D:9      | Reached skill level 11 in Long Blades
  8271 | D:9      | Reached XP level 10. HP: 42/70 MP: 12/15
  8285 | D:9      | Received a gift from Okawaru
  8303 | D:9      | Noticed Grum
  8668 | D:9      | Reached ***** piety under Okawaru
  8668 | D:9      | Reached skill level 12 in Long Blades
  9082 | D:9      | Killed Grum
  9625 | D:10     | Entered Level 10 of the Dungeon
  9707 | D:10     | Lost mutation: You expend magic power (3 MP) to strengthen your wands. [mutagenic meat]
  9710 | D:10     | Gained mutation: Your natural rate of healing is unusually fast. [mutagenic meat]
  9716 | D:10     | Gained mutation: You are robust. (+10% HP) [mutagenic meat]
  9724 | D:10     | Noticed Josephine
  9940 | D:10     | Found a staircase to the Lair.
  9942 | D:10     | Reached skill level 13 in Long Blades
 10007 | D:10     | Received a gift from Okawaru
 10057 | D:10     | Killed Josephine
 10057 | D:10     | Gained mutation: You have a pair of large horns on your head. [demonic ancestry]
 10057 | D:10     | Reached XP level 11. HP: 82/82 MP: 14/16
 10123 | D:10     | Noticed Erica
 10130 | D:10     | Killed Erica
 10664 | D:10     | Noticed an unseen horror
 10669 | D:10     | Killed an unseen horror
 10724 | D:11     | Reached skill level 5 in Armour
 10739 | D:11     | Noticed an unseen horror
 10756 | D:11     | Killed an unseen horror
 10756 | D:11     | Received a gift from Okawaru
 10756 | D:11     | Reached skill level 5 in Dodging
 10814 | D:11     | Noticed Rationalist's ghost (journeyman MiGl)
 10815 | D:11     | Noticed Nergalle
 10859 | D:11     | Killed Rationalist's ghost
 10859 | D:11     | Reached skill level 14 in Long Blades
 11137 | D:11     | Received a gift from Okawaru
 11148 | D:11     | Found Oshruok's Weapon Emporium.
 11150 | D:11     | Found a staircase to the Orcish Mines.
 11251 | D:11     | Gained mutation: You occasionally shout uncontrollably at your foes. [mutagenic meat]
 11263 | D:11     | Lost mutation: You possess an exceptional clarity of mind. [mutagenic meat]
 11573 | D:11     | Found a roughly hewn altar of Beogh.
 11702 | D:11     | Noticed an unseen horror
 11711 | D:11     | Killed an unseen horror
 11711 | D:11     | Reached ****** piety under Okawaru
 11711 | D:11     | Received a gift from Okawaru
 11715 | D:11     | Got a jewelled scimitar {god gift}
 11716 | D:11     | Identified the +3 scimitar "Doti" {venom, rElec} (Okawaru gifted it to you on level 11 of the Dungeon)
 11839 | D:11     | Killed Nergalle
 11839 | D:11     | Gained mutation: When seriously injured, your bleeding wounds create thick armour. (AC +9) [demonic ancestry]
 11839 | D:11     | Reached XP level 12. HP: 89/89 MP: 17/17
 12035 | D:11     | Found an ancient bone altar of Kikubaaqudgha.
 12440 | D:12     | Noticed Fannar
 12463 | D:12     | Killed Fannar
 12676 | D:12     | Received a gift from Okawaru
 12905 | D:12     | Lost mutation: Your natural rate of healing is unusually fast. [potion of mutation]
 12905 | D:12     | Gained mutation: Potions and wands are less effective at restoring your health. [potion of mutation]
 12941 | D:12     | Reached skill level 15 in Long Blades
 13402 | Lair:1   | Entered Level 1 of the Lair of Beasts
 13567 | Lair:1   | You fall through a shaft!
 15231 | Lair:2   | Mutation became permanent: You have a pair of large horns on your head. [demonic ancestry]
 15231 | Lair:2   | Reached XP level 13. HP: 85/94 MP: 18/18
 15386 | Lair:2   | Received a gift from Okawaru
 15631 | Lair:2   | Noticed Sonja
 15642 | Lair:2   | Cast into level 1 of the Abyss (Sonja)
 15658 | Abyss:1  | Noticed a starcursed mass
 15706 | Lair:2   | Escaped the Abyss
 15734 | Lair:2   | Cast into level 1 of the Abyss (Sonja)
 15734 | Abyss:1  | Found a hide-covered altar of Uskayaw.
 15735 | Abyss:1  | Noticed a green death
 15767 | Lair:2   | Escaped the Abyss
 16542 | Lair:3   | Found a staircase to the Shoals.
 16653 | Lair:3   | Reached skill level 16 in Long Blades
 16731 | Lair:3   | Found a sparkling altar of Nemelex Xobeh.
 17248 | Lair:3   | Reached skill level 1 in Evocations
 18091 | Lair:4   | Found a hole to the Spider Nest.
 18330 | Lair:4   | Received a gift from Okawaru
 18670 | Lair:5   | Reached skill level 5 in Fighting
 18839 | Lair:5   | Gained mutation: You are very robust. (+20% HP) [potion of beneficial mutation]
 19232 | Lair:5   | Received a gift from Okawaru
 19494 | Lair:5   | Reached skill level 5 in Evocations
 19600 | Lair:5   | You fall through a shaft!
 19600 | Lair:6   | Entered Level 6 of the Lair of Beasts
 19936 | Lair:6   | Noticed Rupert
 19963 | Lair:6   | Killed Rupert
 19964 | Lair:6   | Reached XP level 14. HP: 69/120 MP: 16/19
 20168 | Lair:6   | Received a gift from Okawaru
 20429 | Lair:6   | Received a gift from Okawaru
 20984 | Lair:6   | Found a staircase to the Slime Pits.
 20984 | Lair:6   | Found a viscous altar of Jiyva.
 21025 | Lair:6   | Found a white marble altar of Elyvilon.
 21739 | Orc:1    | Entered Level 1 of the Orcish Mines
 21819 | Orc:1    | Noticed Urug
 21835 | Orc:1    | Killed Urug
 21835 | Orc:1    | Reached skill level 17 in Long Blades
 22607 | Orc:2    | Entered Level 2 of the Orcish Mines
 22609 | Orc:2    | Noticed an orc warlord
 22818 | Orc:2    | Killed an orc warlord
 22818 | Orc:2    | Received a gift from Okawaru
 22892 | Orc:2    | Found a frozen archway.
 22904 | IceCv    | Entered an ice cave
 23460 | IceCv    | Received a gift from Okawaru
 23881 | IceCv    | Noticed a frost giant
 23910 | IceCv    | Killed a frost giant
 24561 | Orc:2    | Found a staircase to the Elven Halls.
 24811 | Orc:2    | Reached XP level 15. HP: 95/126 MP: 21/21
 25081 | Orc:2    | Received a gift from Okawaru
 25315 | Orc:2    | Reached skill level 18 in Long Blades
 26240 | Orc:2    | Found Zyrum's Antique Armour Emporium.
 26474 | Orc:2    | Found Tuos's Weapon Emporium.
 26475 | Orc:2    | Found Hutait's Distillery.
 26475 | Orc:2    | Found Syudop's Gadget Shoppe.
 26476 | Orc:2    | Found Dosug's Weapon Emporium.
 26568 | Orc:2    | Bought a scorched scale mail for 225 gold pieces
 26568 | Orc:2    | Bought a pair of embroidered gloves for 112 gold pieces
 26583 | Orc:2    | Identified the cursed +0 scale mail "Dotafoll" {Regen+ Dex+2} (You bought it in a shop on level 2 of the Orcish Mines)
 26829 | Spider:1 | Entered Level 1 of the Spider Nest
 26844 | Spider:1 | Noticed a ghost moth
 26850 | Spider:1 | Killed a ghost moth
 26866 | Spider:1 | Gained mutation: You sometimes yell uncontrollably at your foes. [mutagenic meat]
 26869 | Spider:1 | Lost mutation: You are dopey. (Int -2) [mutagenic meat]
 26971 | Spider:1 | Upgraded the game from 0.19-a0-1493-gd0fcaa6 to 0.19-a0-1498-g0b85ae9
 27056 | Spider:1 | Received a gift from Okawaru
 27136 | Spider:1 | Blown up by an orb spider

Vault maps used:
D:1:      minmay_arrival_up_and_down, kennysheep_pointless_box
D:5:      first_bread
D:6:      serial_bayou_pond_d
D:7:      bloody_makhleb, uniq_duvessa
D:8:      serial_shops, shop_fountains, uniq_pikel, uniq_maurice
D:9:      david_nohive_1, evilmike_minifort, uniq_grum
D:10:     dpeg_oklobed_lair, uniq_erica, uniq_josephine
D:11:     orc_david_3, special_room, nicolae_benzene_ring,
          lemuel_mausoleum_altar_kikubaaqudgha, uniq_nergalle
D:12:     eino_small_chamber_without_monster, uniq_fannar
Temple:   kilobyte_greek_temple
Lair:1:   grunt_megastairs_2
Lair:2:   grunt_forest_large_clearings, uniq_sonja
Lair:3:   minmay_shoals_entry_centaurs, basic_altar
Lair:4:   dummy_spider_entry, grunt_megastairs_1
Lair:5:   lemuel_fruit_fields
Lair:6:   minmay_lair_end_enchanted_forest, slime_altar_1, basic_altar,
          lemuel_fruit_fields, uniq_rupert
Orc:1:    uniq_urug
Orc:2:    st_orc_pillars, serial_shops, shop, portal_ice_cave_entry_ice_beasts
IceCv:    ice_cave_caverns_01

Skill      XL: |  1  2  3  4  5  6  7  8  9 10 11 12 13 14 15 |
---------------+----------------------------------------------+-----
Long Blades    | 3 4 5 6 7 9 11 13 14 15 16 17 18 | 18.4
Dodging        | 3 5 7 8 |  8.0
Armour         | 1 2 3 6 7 9 |  9.3
Invocations    | 1 3 6 7 |  7.2
Fighting       | 3 6 |  6.0
Throwing       | 3 |  3.1
Evocations     | 5 8 9 |  9.5

Action                   |  1- 3 |  4- 6 |  7- 9 | 10-12 | 13-15 || total
-------------------------+-------+-------+-------+-------+-------++-------
Melee: Dagger            |   132 |    81 |       |       |       ||   213
       Long sword        |     2 |     5 |       |       |       ||     7
       Falchion          |       |    62 |   390 |   176 |       ||   628
       Headbutt          |       |       |    79 |   173 |   311 ||   563
       Kick              |       |       |    87 |   201 |       ||   288
       Great sword       |       |       |       |   714 |   349 ||  1063
       Triple sword      |       |       |       |       |  1088 ||  1088
       Scimitar          |       |       |       |       |    29 ||    29
 Fire: Blowgun           |       |     3 |    24 |    19 |    17 ||    63
Throw: Stone             |       |    12 |     3 |       |       ||    15
       Throwing net      |       |     1 |     1 |     1 |       ||     3
       Tomahawk          |       |       |     6 |    19 |    19 ||    44
Invok: Heroism           |       |       |     1 |     9 |    10 ||    20
Evoke: Wand              |       |       |       |     6 |     7 ||    13
  Use: Potion            |       |     5 |     9 |    10 |    11 ||    35
       Scroll            |       |    10 |     8 |     3 |    12 ||    33
 Stab: Sleeping          |       |     1 |       |       |       ||     1
       Distracted        |       |       |     4 |     2 |     8 ||    14
       Confused          |       |       |       |     1 |     2 ||     3
  Eat: Chunk             |     5 |     7 |    21 |    34 |    44 ||   111
       Beef jerky        |       |       |       |     1 |       ||     1
       Fruit             |       |       |       |       |     1 ||     1
Armor: Leather armour    |    24 |    12 |       |       |       ||    36
       Scale mail        |       |    35 |   151 |   132 |   384 ||   702
       Chain mail        |       |       |       |   108 |     6 ||   114
       Plate armour      |       |       |       |       |    92 ||    92
Dodge: Dodged            |    69 |    45 |   125 |   346 |   840 ||  1425
